 Dungeon Crawl Stone Soup version 0.30-a0-900-g23479c02f2 (webtiles) character file.

Game seed: 9511048390806204346

828 bobarctor the Grave Robber (level 7, -1/46 HPs)
             Began as a Demonspawn Necromancer on Mar 19, 2023.
             Slain by Grinder (3 damage)
             ... while paralysed by Grinder
             ... on level 5 of the Dungeon.
             The game lasted 00:18:59 (3633 turns).

bobarctor the Grave Robber (Demonspawn Necromancer) Turns: 3633, Time: 00:19:00

Health: -1/46      AC:  5    Str:  9    XL:     7   Next: 64%
Magic:  14/14      EV:  2    Int: 18    God:
Gold:   168        SH:  0    Dex: 13    Spells: 6/16 levels left

rFire   . . .      SeeInvis .    A - +2 whip (flame)
rCold   . . .      Faith    .    (no shield)
rNeg    . . .      Spirit   .    a - +0 robe
rPois   .          Reflect  .    t - +0 helmet
rElec   .          Rampage  .    (no cloak)
rCorr   .                        (no gloves)
Will    .....                    (no boots)
Stlth   ++                       n - amulet of magic regeneration
HPRegen 0.27/turn                (no ring)
MPRegen 0.54/turn                (no ring)

@: paralysed
A: claws 2, icy blue scales 1, foul stench 1, powered by pain 1
a: no special abilities


You were on level 5 of the Dungeon.
You visited 1 branch of the dungeon, and saw 5 of its levels.

You collected 168 gold pieces.

Inventory:

Hand Weapons
 l - a +2 dagger of venom
 u - a +1 dagger of speed
 x - a +0 hand axe of pain
 A - a +2 whip of flaming (weapon)
Missiles
 h - 5 atropa-tipped darts
Armour
 a - a +0 robe (worn)
 t - a +0 helmet (worn)
Jewellery
 i - a ring of fire
 n - an amulet of magic regeneration (around neck)
Wands
 s - a wand of roots (11)
Scrolls
 c - 5 scrolls of enchant weapon {unknown}
 e - 2 scrolls of magic mapping {unknown}
 g - a scroll of blinking {unknown}
 o - 2 scrolls of identify {unknown}
 p - 3 scrolls of teleportation {unknown}
 q - a scroll of brand weapon {unknown}
 v - a scroll of enchant armour {unknown}
 w - a scroll of fear {unknown}
 y - a scroll of immolation {unknown}
 B - a scroll of amnesia {unknown}
Potions
 b - a potion of magic
 d - a potion of degeneration {unknown}
 f - 2 potions of heal wounds {unknown}
 j - 3 potions of curing {unknown}
 k - 3 potions of lignification {unknown}
 m - 2 potions of flight {unknown}
 r - a potion of attraction {unknown}
 z - a potion of resistance {unknown}


   Skills:
 + Level 2.3 Dodging
 + Level 2.4 Stealth
 * Level 5.1 Spellcasting
 * Level 2.6 Conjurations
 + Level 0.8 Summonings
 + Level 6.5 Necromancy
 * Level 1.8 Air Magic
 * Level 2.0 Poison Magic


You had 6 spell levels left.
You knew the following spells:

 Your Spells              Type           Power      Damage    Failure   Level
a - Necrotise             Necr           100%       1d9       1%          1
b - Vampiric Draining     Necr           28%        2d8       2%          3
c - Magic Dart            Conj           56%        1d5       4%          1
d - Call Imp              Summ           7%         N/A       14%         2
e - Mephitic Cloud        Conj/Pois/Air  12%        N/A       16%         3

Your spell library contained the following spells:

 Spells                   Type           Power      Damage    Failure   Level
 Animate Dead             Necr           28%        N/A       9%          4
 Agony                    Necr           28%        N/A       24%         5


Dungeon Overview and Level Annotations

Branches:
Dungeon (5/15)
 Temple: D:4-7

Altars:
Ashenzari
Yredelemnul

Annotations:
D:4 1 runed translucent door
D:5 Grinder


Innate Abilities, Weirdness & Mutations

You have very sharp fingernails.
You are partially covered in icy blue scales. (AC +2)
You may rarely emit foul miasma when damaged in melee.
You sometimes gain a little power by taking damage.


Message History

Aim: Grinder (moderately wounded, ally target, 100% to hit)
The magic dart hits Grinder but does no damage.
Grinder is moderately wounded.
You closely miss Grinder.
Grinder is moderately wounded.
Grinder gestures at you. You resist with significant effort.
You hit Grinder. You burn Grinder.
Grinder is heavily wounded.
Grinder gestures at you. Pain shoots through your body!
You closely miss Grinder.
Grinder is heavily wounded.
Your crimson imp hits Grinder.
Grinder hits you!
You writhe in agony.
You hit Grinder. You burn Grinder.
Grinder is heavily wounded.
Your crimson imp hits Grinder but does no damage.
Grinder hits you!
You writhe in agony.
* * * LOW HITPOINT WARNING * * *
Your crimson imp hits Grinder.
Grinder hits you.
* * * LOW HITPOINT WARNING * * *
You closely miss Grinder.
Grinder is severely wounded.
Your crimson imp closely misses Grinder.
Grinder hits you.
* * * LOW HITPOINT WARNING * * *
You writhe in agony.
* * * LOW HITPOINT WARNING * * *
Casting: Magic Dart (safe; 4% risk of failure)
Confirm with . or Enter, or press ? or * to list all spells.
Aiming: Magic Dart (safe; 4% risk of failure)
Press: ? - help, Shift-Dir - straight line, f/p - Grinder
Aim: Grinder (severely wounded, ally target, 100% to hit)
The magic dart hits Grinder but does no damage.
Grinder is severely wounded.
Your crimson imp misses Grinder.
Grinder gestures at you.
You suddenly lose the ability to move!
Your crimson imp barely misses Grinder.
Grinder hits you.
You die...

.
..#####.####
##.##
#...####
#.#.....#
##.#.##.#
##.###.# ##
#5# #5#
########@#
.........#
##########


You could see Grinder (ally target) and a friendly crimson imp (summoned).

Vanquished Creatures
  Pikel (D:4)
  Sigmund (D:4)
  An orc priest (D:3)
  Robin (D:2)
  7 adders
  4 gnolls (D:3)
  3 worms
  A dart slug (D:2)
  3 orcs
  A ball python (D:1)
  3 bats
  4 endoplasms
  A giant cockroach (D:1)
  10 goblins
  5 hobgoblins
  2 jackals (D:4)
  3 kobolds (D:3)
  2 quokkas (D:3)
  2 frilled lizards
  A goblin zombie (D:4)
  A rat (D:2)
57 creatures vanquished.

Notes
Turn   | Place    | Note
-------+----------+-------------------------------------------
     0 | D:1      | bobarctor the Demonspawn Necromancer began the quest for
                  | the Orb.
     0 | D:1      | Reached XP level 1. HP: 13/13 MP: 3/3
   622 | D:2      | Gained mutation: You sometimes gain a little power by
                  | taking damage. [demonic ancestry]
   622 | D:2      | Reached XP level 2. HP: 19/19 MP: 1/5
   841 | D:2      | Reached skill level 5 in Necromancy
   945 | D:2      | Gained mutation: You may rarely emit foul miasma when
                  | damaged in melee. [demonic ancestry]
   945 | D:2      | Reached XP level 3. HP: 10/24 MP: 2/6
  1024 | D:2      | Learned a level 3 spell: Vampiric Draining
  1026 | D:2      | Learned a level 1 spell: Magic Dart
  1029 | D:2      | Learned a level 2 spell: Call Imp
  1049 | D:2      | Identified the +5 dagger of Taogary {holy, rN+}
  1332 | D:2      | Noticed Robin
  1339 | D:2      | Reached XP level 4. HP: 27/30 MP: 8/8
  1344 | D:2      | Killed Robin
  1648 | D:3      | Reached skill level 1 in Conjurations
  1840 | D:3      | Gained mutation: You are partially covered in icy blue
                  | scales. (AC +2) [demonic ancestry]
  1840 | D:3      | Reached XP level 5. HP: 35/35 MP: 7/9
  1855 | D:3      | Reached skill level 6 in Necromancy
  2640 | D:4      | Noticed a lemure
  2647 | D:4      | Learned a level 3 spell: Mephitic Cloud
  2648 | D:4      | Noticed Pikel
  2674 | D:4      | Killed Pikel
  2675 | D:4      | Reached skill level 1 in Air Magic
  2675 | D:4      | Reached skill level 1 in Poison Magic
  2675 | D:4      | Gained mutation: You have sharp fingernails. [demonic
                  | ancestry]
  2675 | D:4      | Reached XP level 6. HP: 21/41 MP: 5/13
  2675 | D:4      | Gained mutation: You have very sharp fingernails. [demonic
                  | ancestry]
  2675 | D:4      | Reached XP level 7. HP: 24/46 MP: 5/14
  2828 | D:4      | Noticed Sigmund
  2850 | D:4      | Killed Sigmund
  2851 | D:4      | Reached skill level 5 in Spellcasting
  2925 | D:4      | Found a broken altar of Ashenzari.
  3141 | D:4      | Found a runed translucent door.
  3149 | D:4      | Noticed a human
  3152 | D:4      | Found a basalt altar of Yredelemnul.
  3444 | D:5      | Entered Level 5 of the Dungeon
  3469 | D:5      | Noticed Grinder
  3601 | D:5      | Paralysed by Grinder for 2 turns
  3619 | D:5      | Paralysed by Grinder for 2 turns
  3631 | D:5      | HP: 1/46 [Grinder (5)]
  3632 | D:5      | Paralysed by Grinder for 2 turns
  3633 | D:5      | Slain by Grinder

Illustrated notes

Levels and vault maps discovered:
D:1:      wander_arrival_fairy_ring, layout_basic, bh_walls_and_bars
D:2:      layout_loops_ring, uniq_robin
D:3:      layout_loops_cross, lemuel_tele_altar
D:4:      layout_loops_ring, dk_yredelemnul_ordeal,
          mainiacjoe_overflow_cross_hatched, uniq_sigmund, uniq_pikel
D:5:      layout_loops_corners, fedhas_altar_1, grunt_temple_overflow_open,
          ebering_ghost_reflecting_pool, kennysheep_small_circle, uniq_ijyb,
          uniq_grinder

Skill      XL: |  1  2  3  4  5  6  7 |
---------------+----------------------+-----
Necromancy     | 5 6 |  6.5
Conjurations   | 1 2 |  2.6
Spellcasting   | 3 4 5 |  5.1
Dodging        | 2 |  2.3
Stealth        | 2 |  2.4
Air Magic      | 1 |  1.8
Poison Magic   | 1 2 |  2.0
Summonings     | |  0.8

Action                     |  1- 3 |  4- 6 |  7- 9 || total
---------------------------+-------+-------+-------++-------
  Melee: Unarmed           |     3 |       |       ||     3
         Dagger            |    14 |    32 |    23 ||    69
         Whip              |       |       |     6 ||     6
   Cast: Necrotise         |    45 |    27 |       ||    72
         Vampiric Draining |     1 |     9 |     1 ||    11
         Call Imp          |       |     2 |     3 ||     5
         Magic Dart        |       |       |     7 ||     7
         Mephitic Cloud    |       |       |     2 ||     2
   Stab: Sleeping          |       |     2 |     1 ||     3
         Confused          |       |       |     1 ||     1
 Armour: Robe              |     2 |     9 |     5 ||    16
  Dodge: Dodged            |    16 |    20 |     7 ||    43

Table legend: (Time is in decaauts)
 A = Elapsed time spent in this place.
 B = Non-inter-level travel time spent in this place.
 C = Inter-level travel time spent in this place.
 D = Time resting spent in this place.
 E = Time spent auto-exploring this place.
 F = Levels seen in this place.
 G = Mean time per level.
                   A        B        C        D        E       F      G
               +--------+--------+--------+--------+--------+-----+--------+
         Total |   3631 |   3537 |     94 |    732 |   2223 |   5 |  726.2 |
       Dungeon |   3631 |   3537 |     94 |    732 |   2223 |   5 |  726.2 |
               +--------+--------+--------+--------+--------+-----+--------+

Top non-repeatable levels by time:
     D:2: 1040 daAuts
     D:3: 942 daAuts
     D:4: 857 daAuts
     D:1: 602 daAuts
     D:5: 188 daAuts
